 Dungeon Sprint DCSS version 0.28.0-53-g5a82cb258f (webtiles) character file.

Game seed: 18195905827533865003

88 Zeld the Thaumaturge (level 4, -5/24 HPs)
             Began as a Deep Elf Conjurer on May 29, 2022.
             Was an Initiate of Sif Muna.
             Killed from afar by an oklob sapling priest (29 damage)
             ... with a splash of acid
             ... in the Dungeon (Sprint IV: "Fedhas' Mad Dash").
             The game lasted 00:01:18 (1248 turns).

Zeld the Thaumaturge (Deep Elf Conjurer)            Turns: 1248, Time: 00:01:19

Health: -5/24      AC:  2    Str:  4    XL:     4   Next: 29%
Magic:  3/16       EV: 12    Int: 25    God:    Sif Muna [......]
Gold:   24         SH:  0    Dex: 13    Spells: 5/19 levels left

rFire   . . .      SeeInvis .   (no weapon)
rCold   . . .      Faith    .   (no shield)
rNeg    . . .      Spirit   .   a - +0 robe
rPois   .          Reflect  .   (no helmet)
rElec   .          Harm     .   (no cloak)
rCorr   .          Rampage  .   (no gloves)
Will    .....      NoTele   +   (no boots)
Stlth   ++........              h - amulet of invisibility {+Inv}
HPRegen 0.08/turn               (no ring)
MPRegen 0.15/turn               (no ring)

@: very slightly contaminated
A: no striking features
a: Renounce Religion, Evoke Invisibility


You were in the Dungeon.
You worshipped Sif Muna.
Sif Muna was noncommittal.
You visited 1 branch You collected 24 gold pieces.

Inventory:

Armour
 a - a +0 robe (worn)
Jewellery
 h - the amulet of invisibility (around neck) {+Inv}
   (You found it in the Dungeon)

   [amulet of nothing]

   +Inv:      It lets you turn invisible.
Scrolls
 g - a scroll of blinking
 i - a scroll of summoning {unknown}
Potions
 b - a potion of curing
 c - a potion of heal wounds
 d - a potion of haste
 e - 2 potions of magic
 f - a potion of berserk rage


   Skills:
 - Level 2.4 Dodging
 - Level 2.4 Stealth
 * Level 8.4 Spellcasting
 * Level 8.0 Conjurations
 + Level 0.0 Hexes
 + Level 0.0 Translocations


You had 5 spell levels left.
You knew the following spells:

 Your Spells              Type           Power      Damage    Failure   Level
a - Magic Dart            Conj           100%       1d8       1%          1
b - Searing Ray           Conj           100%       2d8       1%          2
c - Fulminant Prism       Conj/Hex       15%        3d11      11%         4
d - Iskenderun's Mystic   Conj/Tloc      30%        2d8       11%         4
z - Dazzling Flash        Conj/Hex       60%        N/A       3%          3

Your spell library contained the following spells:

 Spells                   Type           Power      Damage    Failure   Level


Dungeon Overview and Level Annotations

Branches:
Dungeon (1/1)

Altars:
Cheibriados
Dithmenos
Elyvilon
Gozag
Hepliaklqana
Kikubaaqudgha
Makhleb
Nemelex Xobeh
Okawaru
Qazlal
Ru
Sif Muna
Trog
Uskayaw
Vehumet
Wu Jian
Xom
Yredelemnul
Zin
The Shining One
Beogh
Jiyva
Lugonu

Annotations:
D exclusion: oklob sapling


Message History

A fulminant prism comes into view.
You flicker for a moment.
Your fulminant prism crackles loudly.
Your fulminant prism explodes!
The blast of energy engulfs the oklob sapling priest!
The oklob sapling priest is moderately damaged.
Unknown command.
Casting: Fulminant Prism (extremely dangerous; 11% risk of failure)
Confirm with . or Enter, or press ? or * to list all spells.
The spell is extremely dangerous to miscast (11% risk of failure)!
Continue anyway?
Aiming: Fulminant Prism (extremely dangerous; 11% risk of failure)
Press: ? - help, Dir - move target You conjure a prism of explosive energy!
A fulminant prism comes into view.
Casting: Fulminant Prism (extremely dangerous; 11% risk of failure)
Confirm with . or Enter, or press ? or * to list all spells.
Aiming: Magic Dart (safe; 1% risk of failure)
Press: ? - help, Shift-Dir - straight line, f - oklob sapling priest
Aim: an oklob sapling priest (moderately damaged, unaware, ally target, hasn't noticed you, 100% to hit)
The magic dart hits the oklob sapling priest.
The oklob sapling priest is heavily damaged.
Your fulminant prism crackles loudly.
Casting: Magic Dart (safe; 1% risk of failure)
Confirm with . or Enter, or press ? or * to list all spells.
You can't see any susceptible monsters within range! (Use Z to cast anyway.)
Your fulminant prism explodes!
The blast of energy engulfs the oklob sapling priest!
The oklob sapling priest is almost destroyed.
Casting: Magic Dart (safe; 1% risk of failure)
Confirm with . or Enter, or press ? or * to list all spells.
The spell is extremely dangerous to miscast (11% risk of failure)!
Continue anyway?
Aiming: Fulminant Prism (extremely dangerous; 11% risk of failure)
Press: ? - help, Dir - move target, p - oklob sapling priest You conjure a prism of explosive energy!
A fulminant prism comes into view.
You flicker back into view.
The oklob sapling priest spits acid at you.
The splash of acid hits you!!
Ouch! That really hurt!
You die...

###########################
.P#.....#.....#.⌠._.*._._.⌠
..'.(...'.#(..'.._._._._._.
PP#.....#.#...#.@._._P_._..
############+##.._._._._._.
#._._._._._.⌠ #############


You could see an oklob sapling priest (ally target) and a friendly fulminant
prism.

Vanquished Creatures
  A scorpion (D)
  An oklob sapling (D)
  A river rat (D)
  A rat (D)
4 creatures vanquished.

Vanquished Creatures (others)
  2 fulminant prisms (D)
2 creatures vanquished.

Grand Total: 6 creatures vanquished

Notes
Turn   | Place    | Note
-------+----------+-------------------------------------------
     0 | D        | Zeld the Deep Elf Conjurer began the quest for the Orb.
     0 | D        | Reached XP level 1. HP: 10/10 MP: 6/6
    10 | D        | Reached skill level 5 in Conjurations
    10 | D        | Reached XP level 2. HP: 15/15 MP: 1/9
    14 | D        | Reached skill level 5 in Spellcasting
   293 | D        | Learned a level 2 spell: Searing Ray
   301 | D        | Noticed a scorpion
   314 | D        | Killed a scorpion
   315 | D        | Reached XP level 3. HP: 8/19 MP: 2/14
   595 | D        | Learned a level 3 spell: Dazzling Flash
   799 | D        | Noticed an oklob sapling
   803 | D        | Killed an oklob sapling
   804 | D        | Reached XP level 4. HP: 24/24 MP: 10/16
   946 | D        | Learned a level 4 spell: Fulminant Prism
   951 | D        | Learned a level 4 spell: Iskenderun's Mystic Blast
  1108 | D        | Found the amulet of invisibility {+Inv}
  1229 | D        | Found an opulent altar of Gozag.
  1229 | D        | Found a hazy altar of Hepliaklqana.
  1229 | D        | Found a burning altar of Makhleb.
  1229 | D        | Found a sparkling altar of Nemelex Xobeh.
  1229 | D        | Found a snail-covered altar of Cheibriados.
  1229 | D        | Found a sacrificial altar of Ru.
  1229 | D        | Found a shimmering blue altar of Sif Muna.
  1229 | D        | Found a shimmering altar of Xom.
  1229 | D        | Found a basalt altar of Yredelemnul.
  1234 | D        | Found a viscous altar of Jiyva.
  1234 | D        | Found a bloodstained altar of Trog.
  1234 | D        | Found an ornate altar of the Wu Jian Council.
  1235 | D        | Found an iron altar of Okawaru.
  1235 | D        | Found a shadowy altar of Dithmenos.
  1235 | D        | Found a glowing silver altar of Zin.
  1236 | D        | Found an ancient bone altar of Kikubaaqudgha.
  1236 | D        | Found a hide-covered altar of Uskayaw.
  1237 | D        | Found a stormy altar of Qazlal.
  1237 | D        | Found a glowing golden altar of the Shining One.
  1237 | D        | Found a white marble altar of Elyvilon.
  1238 | D        | Found a radiant altar of Vehumet.
  1238 | D        | Found a corrupted altar of Lugonu.
  1240 | D        | Became a worshipper of Sif Muna the Loreminder
  1248 | D        | Killed from afar by an oklob sapling priest

Illustrated notes

Levels and vault maps discovered:
D:        dungeon_sprint_fedhas [sprint_temple]

Skill      XL: |  1  2  3 |
---------------+----------+-----
Spellcasting   | 4 7 8 |  8.4
Conjurations   | 5 7 8 |  8.0
Dodging        | |  2.4
Stealth        | |  2.4

Action                   |  1- 3 |  4- 6 || total
-------------------------+-------+-------++-------
Melee: Unarmed           |     1 |       ||     1
 Cast: Magic Dart        |     7 |     1 ||     8
       Searing Ray       |     3 |       ||     3
       Fulminant Prism   |       |     3 ||     3
 Abil: Evoke Invisibilit |       |     1 ||     1
Armor: Robe              |     1 |       ||     1
Dodge: Dodged            |     1 |       ||     1
